[gd_scene load_steps=7 format=2]

[ext_resource path="res://scripts/terrain.gd" type="Script" id=1]
[ext_resource path="res://particle/smoke.tscn" type="PackedScene" id=2]
[ext_resource path="res://assets/buildings/summer/buildings_small.png" type="Texture" id=3]

[sub_resource type="Gradient" id=1]

offsets = PoolRealArray( 0, 0.1, 0.2, 0.8 )
colors = PoolColorArray( 0, 0, 0, 0.194805, 0.266667, 0.266667, 0.266667, 0.838384, 0.771574, 0.77665, 0.767677, 0.590909, 0.615686, 0.615686, 0.615686, 0 )

[node name="city_small" type="Node2D"]

script = ExtResource( 1 )
__meta__ = {
"__editor_plugin_screen__": "2D"
}
destructable = true
fence = false
smoke_particles = 16
smoke_lifetime = 1
unique_type_id = -1

[node name="smoke" parent="." instance=ExtResource( 2 )]

config/process_mode = 1
color/color_ramp = SubResource( 1 )

[node name="c1" type="Sprite" parent="."]

texture = ExtResource( 3 )
region_enabled = true
region_rect = Rect2( 0, 0, 32, 32 )
script = ExtResource( 1 )
destructable = true
fence = false
smoke_particles = 16
smoke_lifetime = 1
unique_type_id = -1

[node name="c2" type="Sprite" parent="."]

position = Vector2( -15, 7 )
texture = ExtResource( 3 )
region_enabled = true
region_rect = Rect2( 0, 0, 32, 32 )
script = ExtResource( 1 )
destructable = true
fence = false
smoke_particles = 16
smoke_lifetime = 1
unique_type_id = -1

[node name="c3" type="Sprite" parent="."]

position = Vector2( 15, 7 )
texture = ExtResource( 3 )
region_enabled = true
region_rect = Rect2( 0, 0, 32, 32 )
script = ExtResource( 1 )
destructable = true
fence = false
smoke_particles = 16
smoke_lifetime = 1
unique_type_id = -1

[node name="c4" type="Sprite" parent="."]

position = Vector2( 0, 14 )
texture = ExtResource( 3 )
region_enabled = true
region_rect = Rect2( 0, 0, 32, 32 )
script = ExtResource( 1 )
destructable = true
fence = false
smoke_particles = 16
smoke_lifetime = 1
unique_type_id = -1
